 Dungeon Crawl Stone Soup version 0.26.0-57-g60708a5e39 (webtiles) character file.

Game seed: 7753304092992380001

716 Gadfly the Combatant (level 7, -5/66 HPs)
             Began as an Ogre Gladiator on Feb 2, 2021.
             Was a Follower of Okawaru.
             Slain by a killer bee (6 damage)
             ... on level 5 of the Dungeon.
             The game lasted 00:08:29 (5658 turns).

Gadfly the Combatant (Ogre Gladiator)               Turns: 5658, Time: 00:08:31

Health: -5/66      AC:  6    Str: 21    XL:     7   Next: 69%
Magic:  10/10      EV: 10    Int:  9    God:    Okawaru [*.....]
Gold:   271        SH:  0    Dex: 10    Spells: 6/6 levels left

rFire    . . .     SeeInvis .   b - +1 dagger (venom)
rCold    . . .     Faith    .   (no shield)
rNeg     . . .     Spirit   .   n - +0 robe
rPois    .         Reflect  .   c - +1 hat
rElec    .         Harm     .   (no cloak)
rCorr    .         Rampage  .   (gloves unavailable)
Will     .....                  (boots unavailable)
Stlth    +.........             (no amulet)
HPRegen  0.21/turn              (no ring)
MPRegen  0.12/turn              (no ring)

@: lethally poisoned (-5 -> -10)
A: large, unfitting armour, horns 2, molten scales 1, tough skin 1, MP-powered
wands
a: Renounce Religion, Heroism


You were on level 5 of the Dungeon.
You worshipped Okawaru.
Okawaru was aware of your devotion.
You visited 2 branches of the dungeon, and saw 6 of its levels.

You collected 271 gold pieces.

Inventory:

Hand Weapons
 a - a +0 flail
 b - a +1 dagger of venom (weapon)
Missiles
 d - 2 throwing nets
 g - 93 stones (quivered)
Armour
 c - a +1 hat (worn)
 n - a +0 robe (worn)
Wands
 q - a wand of random effects (25)
Scrolls
 f - 2 scrolls of enchant armour
 o - a scroll of fear
 r - a scroll of teleportation
Potions
 e - a potion of flight
 h - a potion of might
 j - a potion of curing
 k - a potion of cancellation
 m - 2 potions of attraction
 p - a potion of haste


   Skills:
 - Level 2.6 Fighting
 + Level 3.6 Maces & Flails
 + Level 3.3 Throwing
 * Level 3.2 Armour
 - Level 2.6 Dodging
 * Level 4.2 Invocations
 * Level 3.1 Evocations


You had 6 spell levels left.
You didn't know any spells.
Your spell library contained the following spells:

 Spells                   Type           Power        Failure   Level
 Corona                   Hex            0%           38%         1
 Ensorcelled Hibernation  Hex/Ice        0%           52%         2
 Confusing Touch          Hex            0%           77%         3
 Dazzling Flash           Conj/Hex       0%           77%         3
 Tukima's Dance           Hex            0%           77%         3


Dungeon Overview and Level Annotations

Branches:
Dungeon (5/15)             Temple (1/1) D:4

Altars:
Ashenzari
Dithmenos
Elyvilon
Fedhas
Gozag
Hepliaklqana
Makhleb
Okawaru
Qazlal
Ru
Sif Muna
Trog
Uskayaw
Vehumet
Wu Jian
Yredelemnul
Zin
The Shining One


Innate Abilities, Weirdness & Mutations

You are too large for most types of armour.
You have tough skin. (AC +1)
You have a pair of horns on your head.
You are partially covered in molten scales. (AC +2)
You expend magic power (3 MP) to strengthen your wands.


Message History

You miss the killer bee.
You feel sick.
The killer bee stings you but does no damage. x2
You barely miss the killer bee. The killer bee stings you.
* * * LOW HITPOINT WARNING * * *
The killer bee stings you.
* * * LOW HITPOINT WARNING * * *
You miss the killer bee.
You feel sick.
The killer bee stings you but does no damage.
The killer bee stings you.
* * * LOW HITPOINT WARNING * * *
You are more poisoned.
The killer bee poisons you!
You barely miss the killer bee.
You feel less wooden.
Your +1 hat unmelds from your body.
Your +0 robe unmelds from your body.
* * * LOW HITPOINT WARNING * * *
You feel sick. The killer bee stings you.
* * * LOW HITPOINT WARNING * * *
The killer bee stings you.
You die...

### .>#.... y
#.#[..# .#
#.#...##(
#.#...(. #.#....#
#.#
#.#.#....#...#
#.#@#.#†.#..<#
#.#y#.(....#
#.#yy†.....##
#.###.........
#.# #.....####
####.###.........
#............###
####.####....#
#####.# #....#


You could see 3 killer bees.

Vanquished Creatures
  2 scorpions (D:4)
  2 killer bees (D:5)
  A howler monkey (D:4)
  2 hounds (D:5)
  An orc priest (D:2)
  Terence (D:2)
  2 iguanas (D:4)
  3 orc wizards
  4 worker ants
  A worker ant zombie (D:5)
  4 adders
  2 oozes
  3 worms
  7 leopard geckos
  11 orcs
  3 bats
  4 giant cockroaches
  2 goblins
  6 hobgoblins
  A quokka (D:3)
  2 ball pythons
  10 frilled lizards
  A jackal skeleton (D:4)
  4 kobolds
  A leopard gecko skeleton (D:4)
  5 rats
85 creatures vanquished.

Notes
Turn   | Place    | Note
-------+----------+-------------------------------------------
     0 | D:1      | Gadfly the Ogre Gladiator began the quest for the Orb.
     0 | D:1      | Reached XP level 1. HP: 22/22 MP: 1/1
   160 | D:1      | Reached XP level 2. HP: 17/29 MP: 2/2
  1051 | D:1      | Reached skill level 1 in Invocations
  1461 | D:2      | Reached XP level 3. HP: 26/36 MP: 3/3
  1593 | D:2      | Reached skill level 1 in Evocations
  1651 | D:2      | Reached skill level 1 in Armour
  1663 | D:2      | Reached XP level 4. HP: 15/44 MP: 3/5
  1689 | D:2      | HP: 2/44 [orc priest/divine providence (12)]
  1871 | D:2      | Reached skill level 2 in Invocations
  2261 | D:2      | Reached XP level 5. HP: 20/50 MP: 6/6
  2738 | D:2      | Noticed Terence
  2752 | D:2      | Killed Terence
  3153 | D:2      | Gained mutation: You expend magic power (3 MP) to
                  | strengthen your wands. [potion of mutation]
  3153 | D:2      | Gained mutation: You are partially covered in molten
                  | scales. (AC +2) [potion of mutation]
  3153 | D:2      | Gained mutation: You have a pair of small horns on your
                  | head. [potion of mutation]
  3153 | D:2      | Gained mutation: You have a pair of horns on your head.
                  | [potion of mutation]
  3318 | D:3      | Found a sacrificial altar of Ru.
  3403 | D:3      | Found a hazy altar of Hepliaklqana.
  3406 | D:3      | Found a white marble altar of Elyvilon.
  3413 | D:3      | Found a shadowy altar of Dithmenos.
  3413 | D:3      | Found a glowing silver altar of Zin.
  3422 | D:3      | Became a worshipper of Elyvilon the Healer
  3807 | D:3      | Found an iron altar of Okawaru.
  3840 | D:3      | Reached XP level 6. HP: 59/59 MP: 8/8
  3866 | D:3      | Fell from the grace of Elyvilon
  3866 | D:3      | Became a worshipper of Warmaster Okawaru
  4192 | D:3      | Found a broken altar of Ashenzari.
  4194 | D:3      | Found a bloodstained altar of Trog.
  4434 | D:4      | Reached skill level 3 in Invocations
  4786 | D:4      | Found a staircase to the Ecumenical Temple.
  4797 | D:4      | Reached * piety under Okawaru
  4801 | D:4      | Reached XP level 7. HP: 43/66 MP: 9/9
  4819 | D:4      | HP: 3/66 [iguana (7)]
  4824 | Temple   | Entered the Ecumenical Temple
  4824 | Temple   | HP: 2/66 [poisoned by a scorpion]
  4832 | Temple   | HP: 2/66 [poisoned by a scorpion]
  5402 | D:5      | Entered Level 5 of the Dungeon
  5609 | D:5      | Reached skill level 4 in Invocations
  5658 | D:5      | HP: 1/66 [killer bee (5)]
  5658 | D:5      | Slain by a killer bee

Illustrated notes

Levels and vault maps discovered:
D:1:      roderic_dead_forest, layout_basic, serial_glass, glass_columns_b,
          glass_columns_a
D:2:      cheibrodos_pilgrimage, layout_basic, uniq_terence
D:3:      layout_loops_ring, okawaru_trees_1, nicolae_overflow_hidden_temple,
          grunt_temple_overflow_open, marbit_many_paths,
          amcnicky_mini_corridor_feature, st_stairs_13, minmay_tree_intersection
D:4:      layout_rooms, minmay_temple_entry_slanted
D:5:      layout_basic, kiku_gazebo_pond_becter, serial_rivers,
          chequers_serial_rivers_micro_a, chequers_serial_rivers_large_b,
          chequers_serial_rivers_small_3, chequers_serial_rivers_micro_c
Temple:   cyrus_temple_forest

Skill      XL: |  1  2  3  4  5  6  7 |
---------------+----------------------+-----
Invocations    | 1 2 3 4 |  4.2
Evocations     | 1 2 3 |  3.1
Armour         | 1 2 3 |  3.2
Maces & Flails | 3 |  3.6
Throwing       | 3 |  3.3
Fighting       | |  2.6
Dodging        | |  2.6

Action                   |  1- 3 |  4- 6 |  7- 9 || total
-------------------------+-------+-------+-------++-------
Melee: Flail             |    78 |       |     7 ||    85
       Dagger            |    11 |   161 |    73 ||   245
       Headbutt          |       |    21 |    13 ||    34
Throw: Stone             |     4 |       |     6 ||    10
       Throwing net      |     1 |       |       ||     1
  Use: Scroll            |     1 |    10 |     1 ||    12
       Potion            |       |     5 |     2 ||     7
Armor: Robe              |    35 |    51 |    23 ||   109
       Skin              |       |       |    49 ||    49
Dodge: Dodged            |    59 |    77 |    23 ||   159
